[Event "42nd Olympiad Baku 2016 Women"]
[Site "Baku"]
[Date "2016.09.06"]
[Round "5.22"]
[White "Miller, Rachel"]
[Black "Hamoonga, Linda Banti"]
[Result "0-1"]
[ECO "C54"]
[WhiteElo "1971"]
[BlackElo "1783"]
[Annotator ""]
[PlyCount "77"]
[EventDate "2016.??.??"]
[EventType "team-tourn"]
[EventCountry "AZE"]
[SourceTitle "playchess.com"]
[Source "ChessBase"]
[WhiteTeam "Jamaica"]
[BlackTeam "Zambia"]
[WhiteTeamCountry "JAM"]
[BlackTeamCountry "ZAM"]
[TimeControl "40/5400+30:1800+30"]

1. e4 {(00:00)} e5 {(00:00)} 2. Nf3 {(00:00)} Nc6 {
(00:00)} 3. Bc4 {(00:18)} Bc5 {(00:00)} 4. c3 {(00:
15)} Nf6 {(00:36)} 5. d3 {(00:19)} d6 {(01:11)} 6. Bb3 {
(00:14)} h6 {(01:38)} 7. h3 {(01:00)} O-O {(00:48)}
8. O-O {(00:51)} Bb6 {(01:12)} 9. Re1 {(00:25)} Re8 {
(04:45)} 10. Nbd2 {(00:27)} Bd7 {(07:01)} 11. Nf1 {
(00:36)} Na5 {(00:41)} 12. Bc2 {(00:32)} Nc6 {(11:
20)} 13. N3h2 {(02:03)} Nh7 {(01:16)} 14. Ng3 {(03:27)}
Qh4 {(04:27)} 15. Be3 {(00:33)} Bxe3 {(05:09)} 16. Rxe3 {
(00:05)} Be6 {(01:58)} 17. Nf3 Qe7 {(01:39)} 18. d4 {
(08:29)} Bd7 {(04:58)} 19. Qd2 {(31:50)} Rad8 {(01:
35)} 20. Rd1 {(00:27)} Nf6 {(08:39)} 21. Qe2 {(05:37)} a6
{(02:38)} 22. Nh4 {(18:41)} g6 {(07:24)} 23. Bb3 {(
02:37)} Kg7 {(00:29)} 24. Nf3 {(09:44)} Na5 {(02:15)} 25.
Bc2 {(00:13)} Nc6 {(05:49)} 26. Nh2 {(00:30)} Bc8 {
(03:22)} 27. Qf1 {(02:38)} d5 {(08:37)} 28. dxe5 {(
06:47)} Nxe5 {(01:51)} 29. Ree1 {(02:05)} dxe4 {(03:07)}
30. Rxd8 Qxd8 {(01:07)} 31. Nxe4 {(01:56)} Nxe4 {(01:39)}
32. Bxe4 {(00:36)} Re7 {(00:57)} 33. f4 {(01:43)} Nd7 {
(01:05)} 34. Nf3 {(01:06)} Qe8 {(00:55)} 35. Bc2 {(
00:32)} Rxe1 {(01:41)} 36. Nxe1 Qe3+ {(01:10)} 37. Kh1 {(
01:01)} Nf6 {(00:51)} 38. Nd3 {(00:46)} Nh5 {(02:46)} 39.
Qg1 0-1

[Event "42nd Olympiad Baku 2016 Women"]
[Site "Baku"]
[Date "2016.09.06"]
[Round "5.13"]
[White "Milliet, Sophie"]
[Black "Reizniece-Ozola, Dana"]
[Result "1/2-1/2"]
[ECO "B06"]
[WhiteElo "2362"]
[BlackElo "2243"]
[Annotator ""]
[PlyCount "90"]
[EventDate "2016.??.??"]
[EventType "team-tourn"]
[EventCountry "AZE"]
[SourceTitle "playchess.com"]
[Source "ChessBase"]
[WhiteTeam "France"]
[BlackTeam "Latvia"]
[WhiteTeamCountry "FRA"]
[BlackTeamCountry "LAT"]
[TimeControl "40/5400+30:1800+30"]

1. e4 {(00:00)} g6 {(00:00)} 2. d4 {(00:00)} Bg7 {(
00:00)} 3. Nc3 {(00:00)} d6 {(00:00)} 4. f4 {(00:00)} a6 {
(00:08)} 5. Nf3 {(00:41)} b5 {(00:23)} 6. e5 {(00:
51)} Nd7 {(12:24)} 7. Bd3 {(00:09)} c5 {(01:03)} 8. Be4 {
(00:22)} Rb8 {(00:27)} 9. O-O {(03:00)} cxd4 {(01:
01)} 10. Nxd4 {(00:21)} dxe5 {(04:14)} 11. Nc6 {(00:36)}
Qb6+ {(04:08)} 12. Kh1 {(00:34)} Ngf6 {(01:36)} 13. Nxb8 {
(02:31)} Qxb8 {(01:08)} 14. Bc6 {(20:42)} O-O {(06:
36)} 15. Nd5 {(07:05)} Nxd5 {(03:46)} 16. Qxd5 {(01:47)}
Qc7 {(04:06)} 17. Bxd7 {(04:28)} Bxd7 {(00:25)} 18. Be3 {
(00:44)} Bc6 {(10:16)} 19. Qd2 {(12:51)} exf4 {(03:
45)} 20. Bxf4 {(00:13)} Qb7 {(09:37)} 21. c3 {(04:56)} e5
{(00:38)} 22. Be3 {(03:57)} f5 {(00:29)} 23. Bc5 {(
00:17)} Re8 {(00:43)} 24. Qg5 {(12:13)} Qf7 {(06:02)} 25.
Rad1 {(03:18)} h6 {(02:03)} 26. Qd2 {(00:16)} Qb7 {
(06:56)} 27. Qc2 {(00:29)} Be4 {(01:14)} 28. Qb3+ {
(00:35)} Kh7 {(00:23)} 29. Rf2 {(00:21)} f4 {(02:
26)} 30. a4 {(07:36)} Rc8 {(02:54)} 31. Ba3 {(02:30)} f3 {
(05:40)} 32. Kg1 {(01:23)} fxg2 {(00:45)} 33. Qe6 {
(02:21)} Bf5 {(04:50)} 34. Rxf5 {(03:33)} gxf5 {(
00:01)} 35. Qxf5+ {(00:30)} Kh8 {(00:07)} 36. Rd7 {(00:30]
} Qb6+ {(02:01)} 37. Kxg2 {(00:08)} Rg8 {(00:32)} 38. Kf1
{(04:05)} Qc6 {(01:00)} 39. axb5 {(02:04)} Qh1+ {(
01:32)} 40. Ke2 {(00:00)} Qxh2+ {(00:00)} 41. Kd1 {(09:03]
} axb5 {(09:04)} 42. Kc1 {(02:42)} Qh4 {(07:34)} 43. Be7 {
(02:44)} Qe1+ {(04:45)} 44. Kc2 {(00:05)} Qe2+ {(
00:57)} 45. Kb1 {(13:13)} Qe1+ {(00:26)} 1/2-1/2

[Event "42nd Olympiad Baku 2016 Women"]
[Site "Baku"]
[Date "2016.09.06"]
[Round "5.13"]
[White "Mirza, Diana"]
[Black "Joshi, Sindira"]
[Result "1/2-1/2"]
[ECO "C42"]
[WhiteElo "1948"]
[BlackElo "1574"]
[Annotator ""]
[PlyCount "94"]
[EventDate "2016.??.??"]
[EventType "team-tourn"]
[EventCountry "AZE"]
[SourceTitle "playchess.com"]
[Source "ChessBase"]
[WhiteTeam "Ireland"]
[BlackTeam "Nepal"]
[WhiteTeamCountry "IRL"]
[BlackTeamCountry "NEP"]
[TimeControl "40/5400+30:1800+30"]

1. e4 {(00:00)} e5 {(00:00)} 2. Nf3 {(00:00)} Nf6 {
(00:00)} 3. Nxe5 {(00:00)} d6 {(00:00)} 4. Nf3 {(
00:00)} Nxe4 {(00:05)} 5. Nc3 {(00:47)} Nxc3 {(00:26)} 6.
dxc3 {(00:06)} Be7 {(00:23)} 7. Bf4 {(01:19)} O-O {
(00:37)} 8. Qd2 {(00:28)} Be6 {(01:41)} 9. Bd3 {(
01:26)} Qd7 {(08:27)} 10. Nd4 {(07:43)} Bf6 {(05:46)} 11.
O-O {(05:06)} Bxd4 {(03:39)} 12. cxd4 {(00:08)} Bf5 {
(00:21)} 13. Rfe1 {(02:33)} Bxd3 {(01:30)} 14. Qxd3 {
(00:09)} Nc6 {(01:08)} 15. d5 {(02:24)} Ne7 {(01:
52)} 16. Re4 {(10:06)} Ng6 {(04:28)} 17. Bg3 {(01:07)}
Rfe8 {(01:14)} 18. Rae1 {(00:39)} Rxe4 {(07:07)} 19. Qxe4
{(00:21)} Kf8 {(03:32)} 20. f3 {(04:38)} Re8 {(02:
05)} 21. Qxe8+ {(00:09)} Qxe8 {(00:10)} 22. Rxe8+ {(00:04]
} Kxe8 {(00:05)} 23. Bf2 {(00:26)} a6 {(00:30)} 24. Bd4 {
(01:01)} f6 {(00:45)} 25. c4 {(01:43)} Ne5 {(02:09]
} 26. Bxe5 {(04:29)} dxe5 {(00:31)} 27. b4 {(02:30)} Kd7 {
(02:56)} 28. c5 {(01:51)} b6 {(01:27)} 29. Kf2 {(
01:33)} h5 {(06:56)} 30. g4 {(06:45)} hxg4 {(01:52)} 31.
fxg4 {(00:04)} g5 {(02:05)} 32. Kg3 {(01:05)} a5 {(
02:41)} 33. a3 {(00:13)} axb4 {(00:44)} 34. axb4 {(00:01)}
bxc5 {(00:57)} 35. bxc5 {(00:02)} Ke7 {(02:26)} 36. h4 {
(01:05)} gxh4+ {(01:56)} 37. Kxh4 {(00:02)} Kd7 {(
03:37)} 38. Kg3 {(02:52)} Kc8 {(01:37)} 39. Kf3 {(00:24)}
Kb7 {(00:10)} 40. Ke4 {(00:00)} Ka6 {(00:00)} 41. g5 {
(01:33)} fxg5 {(01:04)} 42. Kxe5 {(00:34)} g4 {(01:
15)} 43. d6 {(04:14)} cxd6+ {(00:13)} 44. Kxd6 {(03:21)}
g3 {(02:18)} 45. c6 {(00:08)} g2 {(00:05)} 46. c7 {
(00:03)} g1=Q 47. c8=Q+ {(00:52)} Kb5 {(01:34)} 1/2-1/2

[Event "42nd Olympiad Baku 2016 Women"]
[Site "Baku"]
[Date "2016.09.06"]
[Round "5.17"]
[White "Mona, Khaled"]
[Black "Figueroa, Julissa"]
[Result "1-0"]
[ECO "A46"]
[WhiteElo "2175"]
[BlackElo "1787"]
[Annotator ""]
[PlyCount "55"]
[EventDate "2016.??.??"]
[EventType "team-tourn"]
[EventCountry "AZE"]
[SourceTitle "playchess.com"]
[Source "ChessBase"]
[WhiteTeam "Egypt"]
[BlackTeam "Guatemala"]
[WhiteTeamCountry "EGY"]
[BlackTeamCountry "GUA"]
[TimeControl "40/5400+30:1800+30"]

1. d4 {(00:00)} Nf6 {(00:00)} 2. Nf3 {(00:00)} e6 {
(00:00)} 3. e3 {(00:01)} b6 {(00:05)} 4. Bd3 {(00:
05)} Bb7 {(00:11)} 5. Nbd2 {(00:05)} c5 {(00:38)} 6. c3 {
(00:07)} cxd4 {(12:40)} 7. exd4 {(00:06)} d6 {(00:
37)} 8. O-O {(00:21)} Be7 {(00:29)} 9. Re1 {(00:57)} O-O {
(00:33)} 10. Nf1 {(00:23)} Nbd7 {(01:01)} 11. b3 {(
01:15)} Rc8 {(00:48)} 12. Bb2 {(00:10)} Qc7 {(00:36)} 13.
Rc1 {(00:13)} Qb8 {(00:09)} 14. h3 {(00:36)} Qa8 {(
04:10)} 15. N1h2 {(03:36)} Rfe8 {(03:08)} 16. c4 {(00:44)}
Bf8 {(04:31)} 17. Bf1 {(02:26)} g6 {(16:54)} 18. Ng4 {
(02:45)} Nxg4 {(01:42)} 19. hxg4 {(00:05)} Bg7 {(
07:09)} 20. Nh2 {(01:23)} Nf6 {(01:27)} 21. g5 {(00:45)}
Nh5 {(02:24)} 22. Qd2 {(06:54)} Bh8 {(04:10)} 23. Ng4 {
(01:53)} Rc7 {(17:45)} 24. Nh6+ {(01:04)} Kf8 {(00:
10)} 25. g4 {(02:29)} Ng7 {(00:22)} 26. Qf4 {(00:07)} Qd8
{(01:25)} 27. Ba3 {(00:27)} Rd7 {(02:11)} 28. Bxd6+ {
(00:07)} 1-0

[Event "42nd Olympiad Baku 2016 Women"]
[Site "Baku"]
[Date "2016.09.06"]
[Round "5.30"]
[White "Moncayo Romero, Evelyn"]
[Black "Lagutina, Olga"]
[Result "1-0"]
[ECO "B32"]
[WhiteElo "2046"]
[BlackElo "1910"]
[Annotator ""]
[PlyCount "67"]
[EventDate "2016.??.??"]
[EventType "team-tourn"]
[EventCountry "AZE"]
[SourceTitle "playchess.com"]
[Source "ChessBase"]
[WhiteTeam "ECU"]
[BlackTeam "ICCD"]
[WhiteTeamCountry "ECU"]
[BlackTeamCountry "RUS"]
[TimeControl "40/5400+30:1800+30"]

1. e4 {(00:00)} c5 {(00:00)} 2. Nf3 {(00:00)} Nc6 {
(00:00)} 3. d4 {(00:17)} cxd4 {(00:00)} 4. Nxd4 {(
00:05)} e5 {(00:12)} 5. Nb5 {(00:53)} a6 {(00:13)} 6. Nd6+
{(00:55)} Bxd6 {(00:10)} 7. Qxd6 {(00:02)} Qe7 {(
00:19)} 8. Qc7 {(00:33)} d5 {(00:44)} 9. Qxe7+ {(03:23)}
Ngxe7 {(01:02)} 10. Bd3 {(04:41)} Nb4 {(04:53)} 11. O-O {
(04:36)} Nxd3 {(12:29)} 12. cxd3 {(00:22)} d4 {(06:
29)} 13. f4 {(04:25)} f6 {(04:07)} 14. fxe5 {(08:52)} fxe5
{(00:09)} 15. Nd2 {(01:39)} Be6 {(08:37)} 16. Nf3 {
(06:59)} Nc6 {(06:05)} 17. b3 {(03:22)} b5 {(05:51]
} 18. Ba3 {(01:19)} b4 {(00:31)} 19. Rac1 {(03:40)} Kd7 {
(06:54)} 20. Rxc6 {(24:22)} Kxc6 {(00:37)} 21. Bxb4 {
(00:06)} Bg4 {(12:31)} 22. Nxe5+ {(00:34)} Kb5 {(
01:12)} 23. Ba3 {(02:57)} Be2 {(11:43)} 24. Rf7 {(00:34)}
a5 {(02:35)} 25. Kf2 {(05:09)} Rae8 {(08:11)} 26. Rf5 {
(00:32)} g6 {(00:55)} 27. Nxg6+ {(00:13)} Ka6 {(00:
37)} 28. Nxh8 {(05:03)} Bxd3 {(02:32)} 29. Nf7 {(01:34)}
Rxe4 {(00:43)} 30. Rf6+ {(00:29)} Ka7 {(00:07)} 31. Bc5+ {
(00:21)} Ka8 {(00:21)} 32. Nd6 {(02:06)} Re2+ {(00:
41)} 33. Kg3 {(00:43)} Kb8 {(01:02)} 34. Bb6 {(00:49)} 1-0

[Event "42nd Olympiad Baku 2016 Women"]
[Site "Baku"]
[Date "2016.09.06"]
[Round "5.31"]
[White "Moraga, Maria"]
[Black "February, Jesse Nikki"]
[Result "1-0"]
[ECO "C02"]
[WhiteElo "1732"]
[BlackElo "1922"]
[Annotator ""]
[PlyCount "45"]
[EventDate "2016.??.??"]
[EventType "team-tourn"]
[EventCountry "AZE"]
[SourceTitle "playchess.com"]
[Source "ChessBase"]
[WhiteTeam "Nicaragua"]
[BlackTeam "South Africa"]
[WhiteTeamCountry "NCA"]
[BlackTeamCountry "RSA"]
[TimeControl "40/5400+30:1800+30"]

1. e4 {(00:00)} e6 {(00:00)} 2. d4 {(00:00)} d5 {(
00:00)} 3. e5 {(00:12)} c5 {(00:00)} 4. Nf3 {(01:46)} cxd4
{(04:32)} 5. Qxd4 {(03:33)} Nc6 {(01:25)} 6. Bb5 {(
03:37)} Qa5+ {(03:26)} 7. Nc3 {(01:30)} Bb4 {(02:35)} 8.
Bd2 {(09:56)} Nge7 {(05:52)} 9. Qg4 {(07:29)} Nf5 {
(15:46)} 10. Nd4 {(09:13)} Nfxd4 {(13:21)} 11. Qxd4 {
(00:10)} Bd7 {(00:57)} 12. Bxc6 {(02:10)} bxc6 {(
01:25)} 13. O-O {(02:54)} O-O {(06:38)} 14. Qg4 {(02:12)}
Kh8 {(03:14)} 15. Rfe1 {(02:41)} Be7 {(08:13)} 16. Re3 {
(04:27)} Qc7 {(07:47)} 17. Rae1 {(03:17)} f6 {(01:
42)} 18. Rg3 {(02:44)} Rf7 {(00:49)} 19. Bf4 {(01:48)} Qb7
{(01:44)} 20. Rh3 {(04:04)} Raf8 {(03:52)} 21. Qg6 {
(00:24)} h6 {(03:49)} 22. Bxh6 {(00:45)} Kg8 {(00:
11)} 23. Bf4 {(00:34)} 1-0

[Event "42nd Olympiad Baku 2016 Women"]
[Site "Baku"]
[Date "2016.09.06"]
[Round "5.24"]
[White "Motycakova, Monika"]
[Black "Kakulidis, Ellen"]
[Result "1-0"]
[ECO "B47"]
[WhiteElo "2109"]
[BlackElo "1928"]
[Annotator ""]
[PlyCount "63"]
[EventDate "2016.??.??"]
[EventType "team-tourn"]
[EventCountry "AZE"]
[SourceTitle "playchess.com"]
[Source "ChessBase"]
[WhiteTeam "Slovakia"]
[BlackTeam "Denmark"]
[WhiteTeamCountry "SVK"]
[BlackTeamCountry "DEN"]
[TimeControl "40/5400+30:1800+30"]

1. e4 {(00:00)} c5 {(00:00)} 2. Nf3 {(00:00)} e6 {(
00:00)} 3. d4 {(00:09)} cxd4 {(00:00)} 4. Nxd4 {(00:05)}
Nc6 {(00:01)} 5. Nc3 {(00:15)} Qc7 {(00:07)} 6. Be2 {
(00:39)} Nf6 {(00:07)} 7. O-O {(00:35)} Be7 {(00:
23)} 8. Be3 {(00:52)} d6 {(02:59)} 9. f4 {(01:38)} O-O {
(00:12)} 10. Kh1 {(01:21)} Nxd4 {(00:29)} 11. Qxd4 {
(01:15)} b6 {(00:22)} 12. Bf3 {(19:21)} Bb7 {(03:
03)} 13. Nb5 {(12:54)} Qb8 {(14:18)} 14. c4 {(09:03)} Rd8
{(09:49)} 15. Rad1 {(06:04)} a6 {(04:54)} 16. Nc3 {
(03:17)} b5 {(00:58)} 17. cxb5 {(12:50)} axb5 {(00:
12)} 18. Qb6 {(02:50)} d5 {(28:50)} 19. e5 {(06:45)} Nd7 {
(01:00)} 20. Qxb5 {(00:47)} Qc7 {(00:28)} 21. Qb3 {
(04:14)} Ba6 {(20:36)} 22. Rf2 {(00:26)} Rdc8 {(02:
27)} 23. Be2 {(11:51)} Nc5 {(05:27)} 24. Bxc5 {(00:44)}
Bxc5 {(01:24)} 25. Bxa6 {(03:09)} Rxa6 {(00:42)} 26. Re2 {
(01:10)} Rb6 {(02:17)} 27. Nb5 {(00:20)} Qd7 {(00:
33)} 28. a4 {(00:04)} Be7 {(00:36)} 29. Rc2 {(00:28)} Rxc2
{(01:15)} 30. Qxc2 {(00:00)} Rc6 {(00:09)} 31. Qd3 {
(00:23)} Rc4 {(00:17)} 32. Qxc4 1-0

[Event "42nd Olympiad Baku 2016 Women"]
[Site "Baku"]
[Date "2016.09.06"]
[Round "5.23"]
[White "Mpinganjira, Ellen"]
[Black "Allotey, Dorcas"]
[Result "1-0"]
[ECO "C55"]
[WhiteElo "1372"]
[BlackElo "1504"]
[Annotator ""]
[PlyCount "53"]
[EventDate "2016.??.??"]
[EventType "team-tourn"]
[EventCountry "AZE"]
[SourceTitle "playchess.com"]
[Source "ChessBase"]
[WhiteTeam "MAW"]
[BlackTeam "Ghana"]
[BlackTeamCountry "GHA"]
[TimeControl "40/5400+30:1800+30"]

1. e4 {(00:00)} e5 {(00:00)} 2. Nf3 {(00:00)} Nc6 {
(00:46)} 3. Bc4 {(00:00)} Nf6 {(01:32)} 4. d3 {(00:
53)} d5 {(01:58)} 5. exd5 {(02:40)} Nxd5 {(01:51)} 6. h3 {
(02:40)} Bb4+ {(01:56)} 7. c3 {(02:44)} Bc5 {(00:
57)} 8. b4 {(04:39)} Bxf2+ {(03:09)} 9. Kxf2 {(02:36)} O-O
{(01:53)} 10. Rf1 {(02:25)} Re8 {(01:28)} 11. Kg1 {
(02:41)} Nf4 {(06:20)} 12. Nxe5 {(07:32)} Nxe5 {(
01:36)} 13. Rxf4 {(00:54)} Be6 {(04:11)} 14. Bxe6 {(01:36]
} Rxe6 {(02:07)} 15. d4 {(06:23)} Ng6 {(01:25)} 16. Rf3 {
(01:00)} Qd5 {(02:44)} 17. Qf1 {(01:48)} Nh4 {(03:
24)} 18. Rg3 {(03:58)} Rae8 {(01:12)} 19. Bd2 {(07:19)}
Re2 {(02:11)} 20. Rg4 {(07:21)} R8e4 {(08:08)} 21. Rxh4 {
(01:39)} Re6 {(10:32)} 22. Rf4 {(02:32)} f6 {(13:
08)} 23. Rf2 {(01:14)} Qc4 {(05:43)} 24. Rxe2 {(04:03)}
Rxe2 {(00:17)} 25. Na3 {(03:36)} Qd3 {(06:44)} 26. Rd1 {
(02:49)} Qe4 {(15:05)} 27. Re1 {(01:17)} 1-0

[Event "42nd Olympiad Baku 2016 Women"]
[Site "Baku"]
[Date "2016.09.06"]
[Round "5.25"]
[White "Muminova, Nafisa"]
[Black "Mammadova, Narmin"]
[Result "1-0"]
[ECO "D00"]
[WhiteElo "2324"]
[BlackElo "2230"]
[Annotator ""]
[PlyCount "77"]
[EventDate "2016.??.??"]
[EventType "team-tourn"]
[EventCountry "AZE"]
[SourceTitle "playchess.com"]
[Source "ChessBase"]
[WhiteTeam "Uzbekistan"]
[BlackTeam "Azerbaijan"]
[WhiteTeamCountry "UZB"]
[BlackTeamCountry "AZE"]
[TimeControl "40/5400+30:1800+30"]

1. d4 {(00:00)} d5 {(00:00)} 2. Nc3 {(00:00)} c6 {(
01:19)} 3. Bf4 {(02:16)} Nf6 {(00:40)} 4. e3 {(03:38)} Bf5
{(00:31)} 5. f3 {(02:08)} e6 {(05:50)} 6. g4 {(00:
29)} Bg6 {(00:06)} 7. h4 {(00:13)} h6 {(03:32)} 8. Nh3 {
(04:44)} Bd6 {(03:30)} 9. Bd3 {(04:53)} Bxd3 {(15:
27)} 10. Qxd3 {(00:23)} Ng8 {(01:43)} 11. O-O-O {(02:08)}
Ne7 {(01:31)} 12. e4 {(06:17)} Ng6 {(11:36)} 13. Bxd6 {
(03:18)} Qxd6 {(00:02)} 14. e5 {(00:33)} Qb4 {(05:
58)} 15. h5 {(06:43)} Ne7 {(00:52)} 16. f4 {(02:42)} Nd7 {
(09:18)} 17. f5 {(05:49)} c5 {(10:36)} 18. fxe6 {(
09:00)} fxe6 {(00:26)} 19. Nb5 {(12:59)} O-O {(00:29)} 20.
Nc7 {(00:42)} c4 {(06:54)} 21. Qc3 {(06:02)} Qxc3 {
(00:10)} 22. bxc3 {(00:04)} Rac8 {(00:05)} 23. Nxe6 {
(00:13)} Rf3 {(00:02)} 24. Kd2 {(01:25)} Rc6 {(02:
08)} 25. Nef4 {(00:34)} Ra6 {(01:05)} 26. Rdf1 {(02:16)}
Rxf1 {(01:21)} 27. Rxf1 {(00:04)} Nf8 {(05:41)} 28. Rb1 {
(08:28)} Rb6 {(03:38)} 29. Rxb6 {(00:31)} axb6 {(
00:01)} 30. Nf2 {(02:33)} Kf7 {(01:13)} 31. Nd1 {(01:05)}
g5 {(04:26)} 32. Ne2 {(00:11)} Ne6 {(00:35)} 33. Ne3 {
(00:41)} Ng7 {(01:44)} 34. Ng3 {(00:26)} Ke6 {(01:
35)} 35. a4 {(00:44)} Kf7 {(02:02)} 36. Nef5 {(00:20)}
Ngxf5 {(00:32)} 37. gxf5 {(00:08)} Nc6 {(01:08)} 38. Nf1 {
(00:21)} Ne7 {(00:29)} 39. Ne3 {(00:06)} 1-0

[Event "42nd Olympiad Baku 2016 Women"]
[Site "Baku"]
[Date "2016.09.06"]
[Round "5.26"]
[White "Munoz, Alba"]
[Black "Blagojevic, Tijana"]
[Result "1/2-1/2"]
[ECO "C60"]
[WhiteElo "1704"]
[BlackElo "2223"]
[Annotator ""]
[PlyCount "69"]
[EventDate "2016.??.??"]
[EventType "team-tourn"]
[EventCountry "AZE"]
[SourceTitle "playchess.com"]
[Source "ChessBase"]
[WhiteTeam "Panama"]
[BlackTeam "Montenegro"]
[WhiteTeamCountry "PAN"]
[BlackTeamCountry "MNE"]
[TimeControl "40/5400+30:1800+30"]

1. e4 {(00:00)} e5 {(00:00)} 2. Nf3 {(00:00)} Nc6 {
(00:00)} 3. Bb5 {(00:00)} Nge7 {(00:00)} 4. c3 {(
01:36)} a6 {(00:35)} 5. Ba4 {(00:48)} g6 {(00:09)} 6. d4 {
(00:10)} exd4 {(00:22)} 7. cxd4 {(00:06)} b5 {(00:
24)} 8. Bb3 {(01:30)} Bg7 {(00:27)} 9. O-O {(06:01)} O-O {
(00:12)} 10. Bf4 {(07:59)} d6 {(00:26)} 11. Nc3 {(
01:50)} Bg4 {(03:47)} 12. d5 {(00:24)} Nd4 {(01:01)} 13.
Re1 {(01:47)} Qd7 {(04:42)} 14. Qd3 {(03:04)} Nxf3+ {
(04:20)} 15. gxf3 {(00:08)} Bh3 {(04:04)} 16. Bg3 {
(14:24)} f5 {(05:47)} 17. Qd2 {(12:25)} g5 {(13:57]
} 18. Qxg5 {(09:36)} Ng6 {(03:13)} 19. exf5 {(11:16)} Rxf5
{(00:23)} 20. Qe3 {(01:34)} Be5 {(08:14)} 21. Bc2 {
(00:55)} Rh5 {(00:55)} 22. Bxg6 {(04:28)} hxg6 {(
00:08)} 23. Bxe5 {(02:31)} dxe5 {(02:07)} 24. Ne4 {(02:21]
} Rf8 {(10:01)} 25. Ng3 {(00:43)} Rh7 {(02:35)} 26. Qxe5 {
(01:53)} Rxf3 {(05:06)} 27. Qe8+ {(02:19)} Rf8 {(
00:05)} 28. Qxg6+ {(03:26)} Kh8 {(00:04)} 29. Qg5 {(04:34]
} Bg4 {(03:08)} 30. Re5 {(02:24)} Bf3 {(02:02)} 31. Rf5 {
(00:59)} Rxf5 {(01:12)} 32. Qxf5 {(00:17)} Qxf5 {(
01:00)} 33. Nxf5 {(00:08)} Rh5 {(00:14)} 34. Ne3 {(00:40)}
Rg5+ {(00:50)} 35. Kf1 {(00:16)} 1/2-1/2

[Event "42nd Olympiad Baku 2016 Women"]
[Site "Baku"]
[Date "2016.09.06"]
[Round "5.8"]
[White "Mutesi, Phiona"]
[Black "Miladi, Amen"]
[Result "1-0"]
[ECO "B21"]
[WhiteElo "1622"]
[BlackElo "1491"]
[Annotator ""]
[PlyCount "79"]
[EventDate "2016.??.??"]
[EventType "team-tourn"]
[EventCountry "AZE"]
[SourceTitle "playchess.com"]
[Source "ChessBase"]
[WhiteTeam "Uganda"]
[BlackTeam "Tunisia"]
[WhiteTeamCountry "UGA"]
[BlackTeamCountry "TUN"]
[TimeControl "40/5400+30:1800+30"]

1. e4 {(00:00)} c5 {(00:00)} 2. f4 {(00:40)} e6 {(
03:53)} 3. d3 {(00:45)} d5 {(03:27)} 4. Nc3 {(01:41)} Nf6
{(02:39)} 5. Nf3 {(04:42)} Nc6 {(05:03)} 6. Bd2 {(
00:57)} a6 {(01:14)} 7. e5 {(07:24)} Nd7 {(01:06)} 8. Be2
{(04:16)} Be7 {(03:17)} 9. O-O {(00:58)} O-O {(07:
16)} 10. Rb1 {(01:42)} b5 {(03:43)} 11. a3 {(07:03)} Qb6 {
(10:32)} 12. Kh1 {(02:00)} a5 {(05:42)} 13. Qe1 {(
02:15)} b4 {(05:00)} 14. axb4 {(02:15)} axb4 {(00:22)} 15.
Nd1 {(00:25)} Ba6 {(06:11)} 16. Nf2 {(01:58)} Bb5 {
(10:24)} 17. Ng4 {(03:26)} h5 {(08:07)} 18. Nf2 {(
01:16)} Ra2 {(00:50)} 19. Nh3 {(02:01)} c4 {(05:52)} 20.
Nfg5 {(04:50)} cxd3 {(02:53)} 21. cxd3 {(09:07)} Nd4 {
(03:20)} 22. Be3 {(17:26)} Bc5 {(04:58)} 23. Qh4 {(
06:20)} g6 {(01:55)} 24. Bxd4 {(01:53)} Bxd4 {(00:08)} 25.
Bxh5 {(04:07)} Kg7 {(01:04)} 26. Qg3 {(02:37)} Rh8 {
(01:17)} 27. Be2 {(02:43)} Bxb2 {(01:09)} 28. Qg4 {
(04:25)} Qa6 {(01:12)} 29. Rfd1 {(00:35)} Nc5 {(01:
20)} 30. Qf3 {(00:16)} Bc3 {(00:09)} 31. Ng1 {(02:08)} Ra8
{(00:34)} 32. Qh3 {(00:40)} Rh8 {(00:04)} 33. Qe3 {
(00:47)} d4 {(00:12)} 34. Qg3 {(01:14)} Ba4 {(00:
27)} 35. Rf1 {(00:41)} Bc2 {(00:06)} 36. f5 {(00:40)} Bxb1
{(00:59)} 37. fxe6 {(00:36)} Nxe6 {(00:53)} 38. Rxf7+ {
(00:09)} Kg8 {(00:07)} 39. Rf6 {(01:48)} Rxe2 40. Nxe6 {
(00:00)} 1-0